 Dungeon Crawl Stone Soup version 0.23.2-33-g5129a83184 (webtiles) character file.

Game seed: 6075238826277300936

70 Kold the Conjurer (level 4, 0/34 HPs)
             Began as a Draconian Conjurer on July 11, 2019.
             Succumbed to a worker ant's poison
             ... on level 2 of the Dungeon.
             The game lasted 00:03:22 (2008 turns).

Kold the Conjurer (Draconian Conjurer)              Turns: 2008, Time: 00:03:23

Health: 0/34       AC:  6    Str:  8 (10) XL:     4   Next: 4%
Magic:  1/7        EV: 17    Int: 14 (17) God:
Gold:   74         SH:  0    Dex: 14 (16) Spells: 6/7 levels left

rFire    . . .     SeeInvis .   e - +0 dagger
rCold    . . .     Gourm    .   (no shield)
rNeg     . . .     Faith    .   (armour unavailable)
rPois    .         Spirit   .   (helmet restricted)
rElec    .         Reflect  .   (no cloak)
rCorr    .         Harm     .   m - +0 pair of gloves
MR       .....                  (no boots)
Stlth    ++........             (no amulet)
HPRegen  0.11/turn              i - ring of attention (curse)
MPRegen  0.10/turn              (no ring)

@: agile, lethally poisoned (0 -> -10)
A: unfitting armour, cold-blooded, AC +5
a: no special abilities


You were on level 2 of the Dungeon.
You were not hungry.

You visited 1 branch of the dungeon, and saw 3 of its levels.

You collected 74 gold pieces.

Inventory:

Hand Weapons
 e - a +0 dagger (weapon)
Armour
 m - a +0 pair of gloves (worn)
Jewellery
 i - a cursed ring of attention (left hand)
Scrolls
 c - 4 scrolls of identify
 d - a scroll of magic mapping {unknown}
 h - a scroll of enchant armour {unknown}
 l - a scroll of enchant weapon {unknown}
Potions
 a - 2 potions of flight
 f - a potion of brilliance {unknown}
 g - a potion of curing {unknown}
 n - a potion of lignification {unknown}
 o - a potion of resistance {unknown}
Comestibles
 b - 4 rations
 j - 3 chunks of flesh


   Skills:
 + Level 0.3 Fighting
 + Level 0.5 Short Blades
 - Level 2.0 Dodging
 + Level 1.9 Stealth
 + Level 0.2 Unarmed Combat
 + Level 2.3 Spellcasting
 + Level 5.1 Conjurations


You had 6 spell levels left.
You knew the following spells:

 Your Spells              Type           Power        Failure   Level  Hunger
a - Magic Dart            Conj           ###.         2%          1    #......

Your spell library contained the following spells:

 Spells                   Type           Power        Failure   Level  Hunger
 Searing Ray              Conj           ###...       4%          2    ###....
 Dazzling Spray           Conj/Hex       #.....       24%         3    ###....
 Iskenderun's Mystic Bla  Conj           ###.....     28%         4    #####..
 Force Lance              Conj/Tloc      #.......     63%         4    #####..
 Fulminant Prism          Conj/Hex       #.........   63%         4    #####..


Dungeon Overview and Level Annotations

Branches:
Dungeon (3/15)

Altars:
Hepliaklqana
Uskayaw


Innate Abilities, Weirdness & Mutations

Your plain brown scales are hard. (AC +5)
You cannot fit into any form of body armour.
You are cold-blooded and may be slowed by cold attacks.


Message History

You feel sick. The worker ant closely misses you.
You hit the worker ant but do no damage.
The worker ant is moderately wounded.
The worker ant completely misses you. The worker ant closely misses you.
You barely miss the worker ant.
The worker ant is moderately wounded.
The worker ant closely misses you.
You hit the worker ant but do no damage.
The worker ant is moderately wounded.
The worker ant misses you.
You hit the worker ant but do no damage.
The worker ant is moderately wounded.
You feel sick. The worker ant bites you!
* * * LOW HITPOINT WARNING * * *
You are more poisoned.
The worker ant poisons you!
It was a potion of degeneration.
There was something very wrong with that liquid.
You feel weakened.
You feel dopey.
You feel clumsy.
You die...

#.####.######.†#.####..###.##
#.###)>.## #..........# #.##
#.##.....####.##.####.÷# #.##
#.............##.####>.###.##
####.....#######...........##
##)..## ##########..######
##.## #...........# # #.#
#a########..# # #.# #@#
######..######
##.#####.###....)........
#............############
##.#####.##### ###
#.########## #..........#
##########.# #.# #.#


You could see a worker ant.

Vanquished Creatures
  2 adders (D:2)
  An ooze (D:2)
  A dart slug (D:1)
  2 leopard geckos (D:2)
  A ball python (D:1)
  A giant cockroach (D:1)
  6 goblins
  8 hobgoblins
  3 jackals
  A quokka (D:2)
  4 bats
  4 frilled lizards
  4 kobolds
  5 rats
43 creatures vanquished.

Notes
Turn   | Place    | Note
-------+----------+-------------------------------------------
     0 | D:1      | Kold the Draconian Conjurer began the quest for the Orb.
     0 | D:1      | Reached XP level 1. HP: 14/14 MP: 3/3
   395 | D:1      | Reached XP level 2. HP: 20/20 MP: 1/5
   997 | D:2      | Reached XP level 3. HP: 9/26 MP: 0/6
  1320 | D:2      | Found a hide-covered altar of Uskayaw.
  1320 | D:2      | Found a hazy altar of Hepliaklqana.
  1533 | D:2      | Reached skill level 5 in Conjurations
  1964 | D:3      | Reached XP level 4. HP: 34/34 MP: 0/7
  2007 | D:2      | HP: 1/34 [worker ant (7)]
  2008 | D:2      | Succumbed to a worker ant's poison

Skill      XL: |  1  2  3 |
---------------+----------+-----
Dodging        | 2 |  2.0
Conjurations   | 5 |  5.1
Fighting       | |  0.3
Short Blades   | |  0.5
Stealth        | |  1.9
Unarmed Combat | |  0.2
Spellcasting   | |  2.3

Action                   |  1- 3 |  4- 6 || total
-------------------------+-------+-------++-------
Melee: Unarmed           |    14 |       ||    14
       Tailslap          |     5 |     4 ||     9
       Dagger            |    28 |    21 ||    49
 Cast: Magic Dart        |    81 |     4 ||    85
  Use: Scroll            |     2 |       ||     2
       Potion            |       |     2 ||     2
  Eat: Chunk             |     4 |     1 ||     5
Armor: Skin              |    15 |     6 ||    21
Dodge: Dodged            |    32 |    18 ||    50
